 Dungeon Crawl Stone Soup version 0.22.1-2-g9c5b331 (webtiles) character file.

21 Kaits the Skirmisher (level 2, 28/28 HPs)
             Began as a Gargoyle Monk on Dec 28, 2018.
             Quit the game on level 2 of the Dungeon.
             The game lasted 00:10:01 (754 turns).

Kaits the Skirmisher (Gargoyle Monk)                 Turns: 754, Time: 00:10:02

Health: 28/28      AC: 21    Str: 14    XL:     2   Next: 83%
Magic:  2/2        EV:  2    Int: 10    God:
Gold:   43         SH:  0    Dex: 12    Spells: 1/1 levels left

rFire    . . .     SeeInvis .   c - +0 spear
rCold    . . .     Gourm    .   (no shield)
rNeg     + + +     Faith    .   (armour currently unavailable)
rPois    ∞         Spirit   .   (helmet currently unavailable)
rElec    .         Reflect  .   (cloak currently unavailable)
rCorr    .         Harm     .   (gloves currently unavailable)
MR       +....     NoTele   +   (boots currently unavailable)
Stlth    ++........             (no amulet)
HPRegen  0.09/turn              (no ring)
MPRegen  0.08/turn              (no ring)

@: tree-form
A: blurry vision 1, magic resistance 1, negative energy resistance 1,
petrification resistance, rot immunity, AC +2
a: no special abilities


You were on level 2 of the Dungeon.
You were not hungry.
You were a tree.
You visited 1 branch of the dungeon, and saw 2 of its levels.

You collected 43 gold pieces.

Inventory:

Hand Weapons
 a - a +0 mace
 c - a +0 spear (weapon)
 e - a +0 hunting sling
 f - a +0 mace
 h - a +0 dagger
Missiles
 d - 103 stones (quivered)
 i - 16 sling bullets
Armour
 b - a +0 robe (melded)


   Skills:
 + Level 3.6 Fighting
 + Level 3.2 Maces & Flails
 + Level 0.1 Slings
 + Level 2.7 Dodging
 + Level 2.5 Stealth


You had one spell level left.
You didn't know any spells.
Your spell library was empty.

Dungeon Overview and Level Annotations

Branches:
Dungeon (2/15)

Altars:


Innate Abilities, Weirdness & Mutations

You are resistant to torment.
((Your stone body is resilient. (AC +2)))
You are immune to poison.
You resist negative energy. (rN+)
((You are resistant to electric shocks. (rElec)))
((You can survive without breathing.))
You are immune to petrification.
You are immune to rotting.
((You have a pair of small antennae on your head.))
Scrolls take you a little longer to read.
You are resistant to hostile enchantments. (MR+)


Message History

You cannot move.
You cannot move.
You cannot move.
You cannot move.
You cannot move.
You cannot move.
You cannot move.
You cannot move.
You cannot move.
You cannot move.
You cannot move.
You cannot move.
Save game and exit?
Welcome back, Kaits the Gargoyle Monk.
Press ? for a list of commands and other information.
Quiver which item? (- for none, * to show all) (? for menu, Esc to quit)
Okay, then.
Unknown command.
You cannot move.
Are you sure you want to abandon this character and quit the game? (Confirm

...##.# #...........#)#
.#.##.# #...........#..
.#....# ##############.
.###### #..... .###
################†#### ...#
#................# # ##.#
#................# # #.#
#................# #.#
#...♣............# ##.####
#................# ......#
#................# ......####
#................# .........#
#.................. ......##.#
#................##.
......##.###############.#.###
# ...........# ###..... ..#.#
...........###.....### #


There were no monsters in sight!

Vanquished Creatures
  A dart slug (D:1)
  2 leopard geckos (D:2)
  A giant cockroach (D:1)
  A goblin (D:1)
  2 hobgoblins
  2 jackals (D:1)
  2 kobolds (D:1)
  4 rats (D:1)
15 creatures vanquished.

Notes
Turn   | Place    | Note
-------+----------+-------------------------------------------
     0 | D:1      | Kaits the Gargoyle Monk began the quest for the Orb.
     0 | D:1      | Reached XP level 1. HP: 14/14 MP: 1/1
   189 | D:1      | Reached XP level 2. HP: 6/19 MP: 2/2
   195 | D:1      | Gained mutation: Scrolls take you a little longer to read.
                  | [potion of mutation]
   195 | D:1      | Gained mutation: You are resistant to hostile enchantments.
                  | (MR+) [potion of mutation]
   195 | D:1      | Gained mutation: You have a pair of small antennae on your
                  | head. [potion of mutation]
   754 | D:2      | Quit the game

Action                   || total
-------------------------++-------
Melee: Mace              ||    43
       Spear             ||     8
 Fire: Hunting sling     ||    12
Throw: Stone             ||    28
  Use: Potion            ||     4
       Scroll            ||     2
  Eat: Ration            ||     1
Armor: Robe              ||    18
Dodge: Dodged            ||    48
